 Dungeon Crawl Stone Soup version 0.29-a0-330-g52719c12eb (webtiles) character file.

Game seed: 11032664793255358966

30 HoaS the Bolt Thrower (level 3, -2/21 HPs)
             Began as a Kobold Hunter on May 22, 2022.
             Slain by an adder (4 damage)
             ... on level 2 of the Dungeon.
             The game lasted 00:02:09 (1060 turns).

HoaS the Bolt Thrower (Kobold Hunter)               Turns: 1060, Time: 00:02:09

Health: -2/21      AC:  5    Str:  8    XL:     3   Next: 37%
Magic:  3/3        EV: 14    Int: 10    God:
Gold:   42         SH:  0    Dex: 20    Spells: 2/2 levels left

rFire   . . .      SeeInvis .   a - +1 hand crossbow
rCold   . . .      Faith    .   (no shield)
rNeg    . . .      Spirit   .   b - +0 leather armour
rPois   .          Reflect  .   (no helmet)
rElec   .          Harm     .   (no cloak)
rCorr   .          Rampage  .   (no gloves)
Will    .....                   h - +1 pair of boots
Stlth   +++.......              l - amulet of the acrobat
HPRegen 0.07/turn               (no ring)
MPRegen 0.08/turn               (no ring)

@: lethally poisoned (-2 -> -12)
A: small, no large weapons, nightstalker 3
a: no special abilities


You were on level 2 of the Dungeon.
You visited 1 branch of the dungeon, and saw 2 of its levels.

You collected 42 gold pieces.

Inventory:

Hand Weapons
 a - a +1 hand crossbow (weapon)
Armour
 b - a +0 leather armour (worn)
 h - a +1 pair of boots (worn)
Jewellery
 l - an amulet of the acrobat (around neck)
Scrolls
 c - a scroll of immolation
 e - a scroll of magic mapping
 k - a scroll of silence
Potions
 d - a potion of ambrosia {unknown}
 f - a potion of curing {unknown}
 j - 2 potions of attraction
 m - a potion of brilliance {unknown}


   Skills:
 - Level 2.1 Fighting
 + Level 6.6 Crossbows
 - Level 2.4 Dodging
 - Level 1.3 Stealth


You had 2 spell levels left.
You didn't know any spells.
Your spell library was empty.

Dungeon Overview and Level Annotations

Branches:
Dungeon (2/15)

Altars:


Innate Abilities, Weirdness & Mutations

You are small and have problems with some larger weapons.
You are completely attuned to the shadows.


Message History

An adder comes into view.
You shoot a bolt.
The bolt hits the adder but does no damage.
The adder hisses angrily.
You shoot a bolt. The bolt misses the adder.
The adder closely misses you.
You shoot a bolt.
The bolt hits the adder but does no damage.
The adder bites you.
You are poisoned.
The adder poisons you!
You shoot a bolt. The bolt hits the adder.
The adder is heavily wounded.
You feel very sick. The adder closely misses you. x2
You shoot a bolt. The bolt misses the adder.
You feel sick. The adder bites you. The adder bites you but does no damage.
You shoot a bolt. The bolt misses the adder.
You feel sick. The adder bites you.
You are more poisoned.
The adder poisons you!
You are too injured to fight recklessly!
You are too injured to fight recklessly!
You are too injured to fight recklessly!
Shoot: a) +1 hand crossbow
Press: ? - help, Q - select action Shift-Dir - straight line, f/p - adder
Aim: an adder (heavily wounded, 54% to hit)
You shoot a bolt. The bolt closely misses the adder.
You feel sick. The adder bites you.
* * * LOW HITPOINT WARNING * * *
You are more poisoned.
The adder poisons you! The adder bites you.
* * * LOW HITPOINT WARNING * * *
Shoot: a) +1 hand crossbow
Press: ? - help, Q - select action Shift-Dir - straight line, f/p - adder
Aim: an adder (heavily wounded, 54% to hit)
You shoot a bolt. The bolt misses the adder.
* * * LOW HITPOINT WARNING * * *
You feel very sick. The adder bites you.
You die...

..>#####.#.#.###.##.#######
.#..#.......####.##.#
.#.>..#.........#...#
.#..#...########.####
.......## #.# ###.##.# #.#
#.##.# #.# #.##.#****####.#
**#.##..,,,,....@#
,,..##.#****###.S# ******,*
#..# *,* #..#***** **,**
#...,,,,*** **,,,**
*,***,,,,,* ****,,,,,**
*,***,***,**** ,,,,,,,,,,*
*,,,,,* *,,,>*
****,,,,,******,,**,***,**,*


You could see an adder.

Vanquished Creatures
  5 endoplasms
  A giant cockroach (D:2)
  4 goblins
  A hobgoblin (D:2)
  7 kobolds
  2 quokkas (D:1)
  A bat (D:1)
  2 frilled lizards (D:1)
  5 rats
28 creatures vanquished.

Notes
Turn   | Place    | Note
-------+----------+-------------------------------------------
     0 | D:1      | HoaS the Kobold Hunter began the quest for the Orb.
     0 | D:1      | Reached XP level 1. HP: 12/12 MP: 1/1
   141 | D:1      | Reached XP level 2. HP: 17/17 MP: 2/2
   156 | D:1      | Found a faded altar of an unknown god.
   216 | D:1      | Reached skill level 6 in Crossbows
   554 | D:1      | Reached XP level 3. HP: 21/21 MP: 3/3
  1060 | D:2      | Slain by an adder

Illustrated notes

Levels and vault maps discovered:
D:1:      nicolae_arrival_memento_mori, layout_loops_ring,
          ebering_ecumenical_altar_webs
D:2:      layout_loops_ring

Skill      XL: |  1  2 |
---------------+-------+-----
Crossbows      | 6 |  6.6
Fighting       | |  2.1
Dodging        | |  2.4
Stealth        | |  1.3

Action                   || total
-------------------------++-------
 Fire: Hand crossbow     ||    54
  Use: Scroll            ||     5
Armor: Leather armour    ||     2
Dodge: Dodged            ||     7

Table legend: (Time is in decaauts)
 A = Elapsed time spent in this place.
 B = Non-inter-level travel time spent in this place.
 C = Inter-level travel time spent in this place.
 D = Time resting spent in this place.
 E = Time spent auto-exploring this place.
 F = Levels seen in this place.
 G = Mean time per level.
                   A        B        C        D        E       F      G
               +--------+--------+--------+--------+--------+-----+--------+
         Total |   1073 |   1061 |     12 |     90 |    819 |   2 |  536.5 |
       Dungeon |   1073 |   1061 |     12 |     90 |    819 |   2 |  536.5 |
               +--------+--------+--------+--------+--------+-----+--------+

Top non-repeatable levels by time:
     D:1: 770 daAuts
     D:2: 302 daAuts
